 Dungeon Crawl Stone Soup version 0.21.1-1-g345015f (webtiles) character file.

19 cultivahabas the Caller (level 2, -4/15 HPs)
             Began as a Deep Elf Summoner on Apr 21, 2018.
             Slain by a gnoll
             ... wielding a +0 spear
              (12 damage)
             ... on level 2 of the Dungeon.
             The game lasted 00:14:39 (1045 turns).

cultivahabas the Caller (Deep Elf Summoner)         Turns: 1045, Time: 00:14:48

Health: -4/15      AC:  2    Str:  5    XL:     2   Next: 55%
Magic:  1/8        EV: 13    Int: 19    God:
Gold:   98         SH:  0    Dex: 15    Spells: 4/7 levels left

rFire    . . .     SeeInvis .   q - +0 short sword (curse)
rCold    . . .     Gourm    .   (no shield)
rNeg     . . .     Faith    .   a - +0 robe
rPois    .         Spirit   .   (no helmet)
rElec    .         Reflect  .   (no cloak)
rCorr    .         Harm     .   (no gloves)
MR       .....                  (no boots)
Stlth    ++........             (no amulet)
HPRegen  0.05/turn              (no ring)
MPRegen  0.11/turn              (no ring)

@: no status effects
A: no striking features
a: no special abilities


You were on level 2 of the Dungeon.
You were not hungry.

You visited 1 branch of the dungeon, and saw 2 of its levels.

You collected 98 gold pieces.

Inventory:

Hand Weapons
 q - a cursed +0 short sword (weapon)
Missiles
 k - 43 stones (quivered)
Armour
 a - a +0 robe (worn)
Scrolls
 e - 2 scrolls of remove curse {unknown}
 l - 2 scrolls of teleportation {unknown}
 m - a scroll of fear {unknown}
 o - a scroll of enchant armour {unknown}
Potions
 d - 2 potions of haste {unknown}
 f - a potion of might {unknown}
 g - a potion of curing {unknown}
 h - 2 potions of degeneration {unknown}
 i - a potion of cancellation {unknown}
 j - 3 potions of heal wounds {unknown}
 n - a potion of lignification {unknown}
Books
 b - a book of Callings

   Spells                             Type                      Level
   a - Summon Small Mammal            Summoning                    1
   b - Call Imp                       Summoning                    2
   c - Call Canine Familiar           Summoning                    3
   d - Summon Guardian Golem          Hexes/Summoning              3
   e - Summon Lightning Spire         Summoning/Air                4
   f - Summon Ice Beast               Ice/Summoning                4
Comestibles
 c - 2 rations
 p - 6 chunks of flesh


   Skills:
 - Level 2.4 Dodging
 - Level 2.4 Stealth
 + Level 3.4 Spellcasting
 + Level 5.0 Summonings


You had 4 spell levels left.
You knew the following spells:

 Your Spells              Type           Power        Failure   Level  Hunger
a - Summon Small Mammal   Summ           ###.         1%          1    None
b - Call Imp              Summ           ###.....     2%          2    ##.....


Dungeon Overview and Level Annotations

Branches:
Dungeon (2/15)

Altars:
Ru


Message History

Your bat hits the gnoll but does no damage.
Your bat completely misses the gnoll.
The gnoll barely misses your bat.
Your bat hits the gnoll but does no damage.
Your bat misses the gnoll.
Casting: Summon Small Mammal
Confirm with . or Enter, or press ? or * to list all spells.
Your bat closely misses the gnoll.
Your bat barely misses the gnoll.
The gnoll hits you from afar with a spear.
Your quokka bites the gnoll.
The gnoll barely misses your bat.
Your bat hits the gnoll but does no damage.
Your bat hits the gnoll.
Your bat barely misses the gnoll.
Your quokka barely misses the gnoll.
Casting: Summon Small Mammal
Confirm with . or Enter, or press ? or * to list all spells.
Your bat disappears in a puff of smoke!
Your bat closely misses the gnoll.
Your bat completely misses the gnoll.
Your quokka bites the gnoll.
The gnoll hits you from afar with a spear!
Ouch! That really hurt!
You die...

##.###.#.#
#........#
..####...## ##
##.....##
##rg.....##
..####<..§b....##
.<...'..rg...$.'..
..####.....r(..###
##..@..:.##
##.....## ##...##
##'## .# .# .# ..


You could see 2 gnolls, 3 friendly quokkas and a friendly bat.

Vanquished Creatures (collateral kills)
  An adder (D:2)
  2 oozes
  A bat (D:1)
  A giant cockroach (D:1)
  2 goblins (D:1)
  A hobgoblin (D:2)
  3 jackals (D:2)
  A frilled lizard (D:1)
  2 kobolds
  2 rats
16 creatures vanquished.

Notes
Turn   | Place    | Note
-------+----------+-------------------------------------------
     0 | D:1      | cultivahabas the Deep Elf Summoner began the quest for the Orb.
     0 | D:1      | Reached XP level 1. HP: 10/10 MP: 6/6
   799 | D:2      | Reached XP level 2. HP: 15/15 MP: 6/8
   803 | D:2      | Learned a level 2 spell: Call Imp
   848 | D:2      | Found a sacrificial altar of Ru.
  1031 | D:2      | Reached skill level 5 in Summonings
  1045 | D:2      | Slain by a gnoll

Skill      XL: |  1  2 |
---------------+-------+-----
Summonings     | 5 |  5.0
Dodging        | |  2.4
Stealth        | |  2.4
Spellcasting   | |  3.4

Action                   || total
-------------------------++-------
Melee: Short sword       ||     1
Throw: Stone             ||     3
 Cast: Summon Small Mamm ||    39
Armor: Robe              ||     2
Dodge: Dodged            ||    18
